TOP OF THE 1ST |
Atlanta (MID) Braves batting - Pitching for Wisconsin Timber Rattlers : RHP Jeff Swomley
|
Pitching: RHP Jeff Swomley
|
|
Batting: RHB Toki Takeuchi
|
0-0: Ball 1-0: Called Strike 1-1: Swinging Strike 1-2: Strikes out looking
|
Batting: RHB Badr al Din Ridha
|
0-0: Ball 1-0: Called Strike 1-1: Ball 2-1: Ball 3-1: Ground out 6-3 (Groundball, 6, EV 92.5 MPH)
|
Batting: RHB Zheng-ze King
|
0-0: Foul Ball, location: 2F 0-1: Foul Ball, location: 2F 0-2: Foul Ball, location: 2F 0-2: Strikes out looking
|
Top of the 1st over - 0 runs, 0 hits, 0 errors, 0 left on base; Atlanta (MID) 0 - Wisconsin 0 |
BOTTOM OF THE 1ST |
Wisconsin Timber Rattlers batting - Pitching for Atlanta (MID) Braves : RHP Ruben Valle
|
Pitching: RHP Ruben Valle
|
|
Batting: LHB Rick Campbell
|
0-0: Ball 1-0: Swinging Strike 1-1: Swinging Strike 1-2: Ball 2-2: Ball 3-2: SINGLE (Groundball, 6M, EV 98.1 MPH)
|
Batting: SHB Justin Hensley
|
0-0: Fielders Choice at 2nd, 1-6 (Groundball, 34S, EV 65.6 MPH)
|
Batting: LHB Jason Raker
|
0-0: Called Strike 0-1: Ball 1-1: Ball 2-1: Swinging Strike 2-2: Strikes out swinging
|
Batting: LHB Karel Hort
|
0-0: Foul Ball, location: 2F 0-1: Called Strike 0-2: DOUBLE (Line Drive, 5D, EV 95.6 MPH) Justin Hensley to third
|
Batting: SHB Ramon Perez
|
0-0: Fly out, F8 (Flyball, 8RM, EV 89.4 MPH)
|
Bottom of the 1st over - 0 runs, 2 hits, 0 errors, 2 left on base; Atlanta (MID) 0 - Wisconsin 0 |
TOP OF THE 2ND |
Atlanta (MID) Braves batting - Pitching for Wisconsin Timber Rattlers : RHP Jeff Swomley
|
Batting: SHB Richello Badua
|
0-0: Called Strike 0-1: Ball 1-1: Called Strike 1-2: Ball 2-2: Foul Ball, location: 2F 2-2: Ball 3-2: Foul Ball, location: 2F 3-2: Foul Ball, location: 2F 3-2: Foul Ball, location: 2F 3-2: Foul Ball, location: 2F 3-2: Reached via error on a dropped throw from 1B, E1 (Groundball, 34, EV 76.9 MPH)
|
Batting: LHB Oke Monti
|
0-0: Ball 1-0: Fly out, F3 (Line Drive, 3, EV 73.8 MPH)
|
Batting: LHB Ryan Murdock
|
0-0: Called Strike 0-1: Foul Ball, location: 2F 0-2: Ball 1-2: Strikes out swinging
|
Batting: RHB Armando Moz
|
0-0: Called Strike Richello Badua is caught stealing 2nd base 2-4
|
Top of the 2nd over - 0 runs, 0 hits, 1 error, 0 left on base; Atlanta (MID) 0 - Wisconsin 0 |
BOTTOM OF THE 2ND |
Wisconsin Timber Rattlers batting - Pitching for Atlanta (MID) Braves : RHP Ruben Valle
|
Batting: LHB Mark Backstrom
|
0-0: Swinging Strike 0-1: Ball 1-1: Foul Ball, location: 2F 1-2: Ground out 6-3 (Groundball, 6, EV 86.2 MPH)
|
Batting: SHB Jerry Duffy
|
0-0: Foul Ball, location: 2F 0-1: Foul Ball, location: 2F 0-2: Foul Ball, location: 2F 0-2: Ball 1-2: SINGLE (Flyball, 34D, EV 81.9 MPH)
|
Batting: RHB Juan Villanueva
|
0-0: Called Strike Jerry Duffy steals 2nd, throwing error, E2 Jerry Duffy to third 0-1: Ball 1-1: Fly out, F8 (Flyball, 8RM, EV 82.5 MPH)
|
Batting: RHB Dusty Bates
|
0-0: Ground out 6-3 (Groundball, 6, EV 110.6 MPH)
|
Bottom of the 2nd over - 0 runs, 1 hit, 1 error, 1 left on base; Atlanta (MID) 0 - Wisconsin 0 |
TOP OF THE 3RD |
Atlanta (MID) Braves batting - Pitching for Wisconsin Timber Rattlers : RHP Jeff Swomley
|
Batting: RHB Armando Moz
|
0-0: Foul Ball, location: 2F 0-1: Ball 1-1: Called Strike 1-2: Strikes out swinging
|
Batting: RHB Phil Holman
|
0-0: Called Strike 0-1: Ball 1-1: Called Strike 1-2: Foul Ball, location: 2F 1-2: Ball 2-2: Ball 3-2: Strikes out swinging
|
Batting: LHB Joe Phillips
|
0-0: Called Strike 0-1: DOUBLE (Groundball, 5L, EV 103.8 MPH)
|
Batting: RHB Toki Takeuchi
|
0-0: Ball 1-0: Ball 2-0: Called Strike 2-1: Foul Ball, location: 2F 2-2: Strikes out swinging
|
Top of the 3rd over - 0 runs, 1 hit, 0 errors, 1 left on base; Atlanta (MID) 0 - Wisconsin 0 |
BOTTOM OF THE 3RD |
Wisconsin Timber Rattlers batting - Pitching for Atlanta (MID) Braves : RHP Ruben Valle
|
Batting: LHB Rick Campbell
|
0-0: Ball 1-0: Swinging Strike 1-1: Ball 2-1: Ball 3-1: Foul Ball, location: 2F 3-2: Base on Balls
|
Batting: SHB Justin Hensley
|
0-0: Ball Rick Campbell steals 2nd base (no throw) 1-0: Called Strike 1-1: Swinging Strike 1-2: Strikes out swinging
|
Batting: LHB Jason Raker
|
0-0: Ball 1-0: Foul Ball, location: 2F 1-1: Ball 2-1: 2-RUN HOME RUN (Line Drive, 7LD, EV 96.2 MPH), Distance : 350 ft
|
Batting: LHB Karel Hort
|
0-0: SOLO HOME RUN (Flyball, 9D, EV 93.8 MPH), Distance : 360 ft
|
Batting: SHB Ramon Perez
|
0-0: Called Strike 0-1: Called Strike 0-2: Strikes out swinging
|
Batting: LHB Mark Backstrom
|
0-0: Swinging Strike 0-1: Called Strike 0-2: Strikes out swinging
|
Bottom of the 3rd over - 3 runs, 2 hits, 0 errors, 0 left on base; Atlanta (MID) 0 - Wisconsin 3 |
TOP OF THE 4TH |
Atlanta (MID) Braves batting - Pitching for Wisconsin Timber Rattlers : RHP Jeff Swomley
|
Batting: RHB Badr al Din Ridha
|
0-0: Swinging Strike 0-1: TRIPLE (Line Drive, 9LD, EV 105.0 MPH)
|
Batting: RHB Zheng-ze King
|
0-0: Ball 1-0: Ground out 4-3 (Groundball, 4, EV 86.2 MPH) Badr al Din Ridha scores
|
Batting: SHB Richello Badua
|
0-0: Swinging Strike 0-1: Ball 1-1: Ball 2-1: Ball 3-1: Base on Balls
|
Batting: LHB Oke Monti
|
0-0: Swinging Strike 0-1: Foul Ball, location: 2F 0-2: Foul Ball, location: 2F 0-2: Ball 1-2: Strikes out swinging
|
Batting: LHB Ryan Murdock
|
0-0: Foul Ball, location: 2F 0-1: Foul Ball, location: 2F 0-2: Ground out 4-3 (Groundball, 34S, EV 88.1 MPH)
|
Top of the 4th over - 1 run, 1 hit, 0 errors, 1 left on base; Atlanta (MID) 1 - Wisconsin 3 |
BOTTOM OF THE 4TH |
Wisconsin Timber Rattlers batting - Pitching for Atlanta (MID) Braves : RHP Ruben Valle
|
Batting: SHB Jerry Duffy
|
0-0: Called Strike 0-1: Ball 1-1: Foul Ball, location: 2F 1-2: Strikes out swinging, 2-3 out at first.
|
Batting: RHB Juan Villanueva
|
0-0: Called Strike 0-1: Foul Ball, location: 2F 0-2: Foul Ball, location: 2F 0-2: Ball 1-2: Ball 2-2: Strikes out looking
|
Batting: RHB Dusty Bates
|
0-0: Ball 1-0: Ball 2-0: SINGLE (Line Drive, 6MD, EV 100.0 MPH)
|
Batting: LHB Rick Campbell
|
0-0: Foul Ball, location: 2F 0-1: Ball 1-1: Foul Ball, location: 2F 1-2: Ball 2-2: Ball 3-2: Foul Ball, location: 2F 3-2: Ground out 4-3 (Groundball, 4, EV 87.5 MPH)
|
Bottom of the 4th over - 0 runs, 1 hit, 0 errors, 1 left on base; Atlanta (MID) 1 - Wisconsin 3 |
TOP OF THE 5TH |
Atlanta (MID) Braves batting - Pitching for Wisconsin Timber Rattlers : RHP Jeff Swomley
|
Batting: RHB Armando Moz
|
0-0: Ground out 6-3 (Groundball, 6, EV 84.4 MPH)
|
Batting: RHB Phil Holman
|
0-0: Ball 1-0: Swinging Strike 1-1: Foul Ball, location: 2F 1-2: Foul Ball, location: 2F 1-2: Foul Ball, location: 2F 1-2: Strikes out swinging
|
Batting: LHB Joe Phillips
|
0-0: Foul Ball, location: 2F 0-1: Ball 1-1: Foul Ball, location: 2F 1-2: Strikes out looking
|
Top of the 5th over - 0 runs, 0 hits, 0 errors, 0 left on base; Atlanta (MID) 1 - Wisconsin 3 |
BOTTOM OF THE 5TH |
Wisconsin Timber Rattlers batting - Pitching for Atlanta (MID) Braves : RHP Ruben Valle
|
Batting: SHB Justin Hensley
|
0-0: Called Strike 0-1: Ball 1-1: Ball 2-1: Fly out, F8 (Flyball, 8RM, EV 82.5 MPH)
|
Batting: LHB Jason Raker
|
0-0: Ball 1-0: Fly out, F8 (Flyball, 8RD, EV 89.4 MPH)
|
Batting: LHB Karel Hort
|
0-0: Called Strike 0-1: Ball 1-1: Swinging Strike 1-2: Strikes out swinging
|
Bottom of the 5th over - 0 runs, 0 hits, 0 errors, 0 left on base; Atlanta (MID) 1 - Wisconsin 3 |
TOP OF THE 6TH |
Atlanta (MID) Braves batting - Pitching for Wisconsin Timber Rattlers : RHP Jeff Swomley
|
Batting: RHB Toki Takeuchi
|
0-0: Ball 1-0: Called Strike 1-1: Called Strike 1-2: Strikes out swinging passed ball, reaches first!
|
Batting: RHB Badr al Din Ridha
|
0-0: Called Strike 0-1: 2-RUN HOME RUN (Flyball, 78XD, EV 99.4 MPH), Distance : 418 ft
|
Batting: RHB Zheng-ze King
|
0-0: Foul Ball, location: 2F 0-1: Foul Ball, location: 2F 0-2: Ball 1-2: Ball 2-2: Ball 3-2: Strikes out swinging
|
Batting: SHB Richello Badua
|
0-0: Foul Ball, location: 2F 0-1: Ball 1-1: Called Strike 1-2: Ground out 6-3 (Groundball, 4M, EV 81.9 MPH)
|
Batting: LHB Oke Monti
|
0-0: Foul Ball, location: 2F 0-1: Called Strike 0-2: Ball 1-2: Strikes out swinging
|
Top of the 6th over - 2 runs, 1 hit, 0 errors, 0 left on base; Atlanta (MID) 3 - Wisconsin 3 |
BOTTOM OF THE 6TH |
Wisconsin Timber Rattlers batting - Pitching for Atlanta (MID) Braves : RHP Ruben Valle
|
Batting: SHB Ramon Perez
|
0-0: Foul Ball, location: 2F 0-1: Fly out, F6 (Popup, 6, EV 66.9 MPH)
|
Batting: LHB Mark Backstrom
|
0-0: Ball 1-0: Ball 2-0: Called Strike 2-1: Ground out 3-1 (Groundball, 34, EV 81.9 MPH)
|
Batting: SHB Jerry Duffy
|
0-0: Ball 1-0: Ball 2-0: Called Strike 2-1: Called Strike 2-2: Ball 3-2: Fly out, F7 (Line Drive, 7D, EV 101.9 MPH)
|
Bottom of the 6th over - 0 runs, 0 hits, 0 errors, 0 left on base; Atlanta (MID) 3 - Wisconsin 3 |
TOP OF THE 7TH |
Atlanta (MID) Braves batting - Pitching for Wisconsin Timber Rattlers : RHP Jeff Swomley
|
Batting: LHB Ryan Murdock
|
0-0: DOUBLE (Line Drive, 9LM, EV 106.2 MPH)
|
Pinch Runner at 2nd Nick Holsinger:
|
|
Batting: RHB Armando Moz
|
0-0: Intentional Walk
|
Batting: RHB Phil Holman
|
0-0: Ball 1-0: Fielders Choice at 3rd, U5 (Groundball, 5L, EV 110.0 MPH) Armando Moz to second
|
Batting: LHB Joe Phillips
|
0-0: Foul Ball, location: 2F 0-1: Ball 1-1: SINGLE (Groundball, 3D, EV 99.4 MPH) Armando Moz to third Phil Holman to second Runner from 3rd tries for Home, SAFE, throw by RF to home
|
Pitching: RHP Josh Hebert
|
|
Batting: RHB Toki Takeuchi
|
0-0: Swinging Strike 0-1: Ball 1-1: Ground out 5-3 (Groundball, 56S, EV 60.6 MPH) Phil Holman to third Joe Phillips to second
|
Batting: RHB Badr al Din Ridha
|
0-0: Foul Ball, location: 2F 0-1: Ball 1-1: Called Strike 1-2: Fly out, F7 (Flyball, 78M, EV 75.6 MPH)
|
Top of the 7th over - 1 run, 2 hits, 0 errors, 2 left on base; Atlanta (MID) 4 - Wisconsin 3 |
BOTTOM OF THE 7TH |
Wisconsin Timber Rattlers batting - Pitching for Atlanta (MID) Braves : RHP Ruben Valle
|
Pitching: LHP Justin Hawk
|
|
Now at 1B: Nick Holsinger
|
|
Batting: RHB Juan Villanueva
|
0-0: Called Strike 0-1: Ball 1-1: Called Strike 1-2: Ball 2-2: Fly out, F9 (Line Drive, 9S, EV 95.0 MPH)
|
Batting: RHB Dusty Bates
|
0-0: Called Strike 0-1: Ball 1-1: DOUBLE (Line Drive, 7LD, EV 104.4 MPH)
|
Batting: LHB Rick Campbell
|
0-0: Foul Ball, location: 2F 0-1: Foul Ball, location: 2F 0-2: Foul Ball, location: 2F 0-2: Foul Ball, location: 2F 0-2: Ball 1-2: Ball 2-2: Ball 3-2: Ground out 4-3 (Groundball, 4, EV 86.9 MPH) Dusty Bates to third
|
Batting: SHB Justin Hensley
|
0-0: Called Strike 0-1: SINGLE (Groundball, 56S, EV 71.2 MPH) (infield hit) Dusty Bates scores
|
Batting: LHB Jason Raker
|
0-0: Called Strike 0-1: Called Strike 0-2: Foul Ball, location: 2F 0-2: Foul Ball, location: 2F 0-2: Hit by Pitch Justin Hensley to second
|
Batting: LHB Karel Hort
|
0-0: Foul Ball, location: 2F 0-1: Called Strike 0-2: Ball 1-2: Strikes out swinging
|
Bottom of the 7th over - 1 run, 2 hits, 0 errors, 2 left on base; Atlanta (MID) 4 - Wisconsin 4 |
TOP OF THE 8TH |
Atlanta (MID) Braves batting - Pitching for Wisconsin Timber Rattlers : RHP Josh Hebert
|
Batting: RHB Zheng-ze King
|
0-0: Called Strike 0-1: Swinging Strike 0-2: Ground out 5-3 (Groundball, 56S, EV 80.0 MPH)
|
Batting: SHB Richello Badua
|
0-0: Swinging Strike 0-1: SINGLE (Line Drive, 89M, EV 101.2 MPH)
|
Batting: LHB Oke Monti
|
0-0: Foul Ball, location: 2F 0-1: Called Strike Richello Badua steals 2nd base 0-2: Strikes out swinging
|
Batting: RHB Nick Holsinger
|
0-0: Ball 1-0: Swinging Strike 1-1: Ball 2-1: Foul Ball, location: 2F 2-2: Ball 3-2: Reached on error, E6 (Groundball, 6, EV 89.4 MPH) Richello Badua to third
|
Batting: RHB Armando Moz
|
0-0: SINGLE (Groundball, 6D, EV 107.5 MPH) Richello Badua scores Nick Holsinger to second
|
Pinch Hitting: RHB Josh McCormick
|
0-0: Ball 1-0: Called Strike 1-1: Swinging Strike 1-2: Ball 2-2: Ball 3-2: Strikes out swinging
|
Top of the 8th over - 1 run, 2 hits, 1 error, 2 left on base; Atlanta (MID) 5 - Wisconsin 4 |
BOTTOM OF THE 8TH |
Wisconsin Timber Rattlers batting - Pitching for Atlanta (MID) Braves : LHP Justin Hawk
|
Pitching: RHP Jeremy Armstrong
|
|
Now at 3B: Malik Boulay
|
|
Batting: SHB Ramon Perez
|
0-0: Ball 1-0: Ball 2-0: Called Strike 2-1: Foul Ball, location: 2F 2-2: Foul Ball, location: 2F 2-2: Ball 3-2: Strikes out swinging
|
Batting: LHB Mark Backstrom
|
0-0: Called Strike 0-1: Ball 1-1: Ball 2-1: Called Strike 2-2: Ground out 4-3 (Groundball, 4S, EV 83.1 MPH)
|
Batting: SHB Jerry Duffy
|
0-0: Swinging Strike 0-1: Foul Ball, location: 2F 0-2: Ball 1-2: Foul Ball, location: 2F 1-2: SINGLE (Groundball, P, EV 84.4 MPH) (infield hit)
|
Batting: RHB Juan Villanueva
|
0-0: Swinging Strike 0-1: SINGLE (Groundball, 4MD, EV 103.1 MPH) Jerry Duffy to second Runner from 2nd tries for 3rd, SAFE, throw by CF made to third
|
Batting: RHB Dusty Bates
|
0-0: Ball 1-0: Foul Ball, location: 2F 1-1: Foul Ball, location: 2F 1-2: Ball 2-2: Fielders Choice at 2nd, 5-4 (Groundball, 56, EV 106.2 MPH)
|
Bottom of the 8th over - 0 runs, 2 hits, 0 errors, 2 left on base; Atlanta (MID) 5 - Wisconsin 4 |
TOP OF THE 9TH |
Atlanta (MID) Braves batting - Pitching for Wisconsin Timber Rattlers : RHP Josh Hebert
|
Pitching: RHP Danny Newbegin
|
|
Batting: LHB Joe Phillips
|
0-0: Swinging Strike 0-1: Ball 1-1: Called Strike 1-2: Ball 2-2: Ball 3-2: Ground out U3 (Groundball, 3, EV 86.2 MPH)
|
Batting: RHB Toki Takeuchi
|
0-0: Called Strike 0-1: Foul Ball, location: 2F 0-2: Ball 1-2: Strikes out looking
|
Batting: RHB Badr al Din Ridha
|
0-0: Ball 1-0: SINGLE (Groundball, 56D, EV 97.5 MPH)
|
Batting: RHB Zheng-ze King
|
0-0: Ball 1-0: Ball 2-0: Ball 3-0: Called Strike 3-1: Swinging Strike 3-2: DOUBLE (Flyball, 9LD, EV 110.6 MPH) Badr al Din Ridha to third Badr al Din Ridha scores
|
Batting: SHB Richello Badua
|
0-0: Ground out 5-3 (Groundball, 56, EV 106.9 MPH)
|
Top of the 9th over - 1 run, 2 hits, 0 errors, 1 left on base; Atlanta (MID) 6 - Wisconsin 4 |
BOTTOM OF THE 9TH |
Wisconsin Timber Rattlers batting - Pitching for Atlanta (MID) Braves : RHP Jeremy Armstrong
|
Pitching: LHP Darius Brown
|
|
Now in LF: George Provance
|
|
Batting: LHB Rick Campbell
|
0-0: Called Strike 0-1: Called Strike 0-2: Ball 1-2: Foul Ball, location: 2F 1-2: Strikes out looking
|
Batting: SHB Justin Hensley
|
0-0: Ball 1-0: Foul Ball, location: 2F 1-1: Ball 2-1: Ball 3-1: Foul Ball, location: 2F 3-2: SINGLE (Groundball, 6MD, EV 105.0 MPH)
|
Batting: LHB Jason Raker
|
0-0: Ball 1-0: Fielders Choice at 2nd, 4-6 (Groundball, 34, EV 91.9 MPH)
|
Batting: LHB Karel Hort
|
0-0: Ball 1-0: Ball 2-0: Ball 3-0: Called Strike 3-1: Swinging Strike 3-2: Ground out 2-3 (Groundball, 2R, EV 70.6 MPH)
|
Bottom of the 9th over - 0 runs, 1 hit, 0 errors, 1 left on base; Atlanta (MID) 6 - Wisconsin 4 |
|